 Dungeon Crawl Stone Soup version 0.31-a0-175-g9f7f995f2b (webtiles) character file.

Game seed: 7543985270045472866

32 qw the Shooter (level 3, 0/32 HPs)
             Began as a Naga Hunter on June 16, 2023.
             Slain by a goblin
             ... wielding a +0 dagger
             ... led by Robin
              (3 damage)
             ... on level 2 of the Dungeon.
             The game lasted 00:00:20 (608 turns).

qw the Shooter (Naga Hunter)                         Turns: 608, Time: 00:00:21

Health: 0/32       AC:  4    Str: 13    XL:     3   Next: 27%
Magic:  3/3        EV:  9    Int:  9    God:
Gold:   113        SH:  0    Dex: 16    Spells: 2/2 levels left

rFire   . . .        Y - +1 shortbow
rCold   . . .        (shield currently unavailable)
rNeg    . . .        i - +2 leather armour {rPois}
rPois   +            (no helmet)
rElec   .            (no cloak)
rCorr   +            (no gloves)
SInv    +            (no barding)
Will    .....        (no amulet)
Stlth   ++           h - ring of resist corrosion
HPRegen 0.25/turn    (no ring)
MPRegen 0.08/turn

%: no passive effects
@: very slow
A: AC +1, large, see invisible, deformed body, poison resistance, slowness 2,
spit poison 1, naga tail 1
a: Spit Poison


You were on level 2 of the Dungeon.
You visited 1 branch of the dungeon, and saw 2 of its levels.

You collected 113 gold pieces.


Innate Abilities, Weirdness & Mutations

Your serpentine skin is tough. (AC +1)
You have supernaturally acute eyesight. (SInv)
Armour fits poorly on your strangely shaped body.
Your system is resistant to poisons. (rPois)
You cover ground very slowly.
You can spit poison.
You have a snake-like lower body.


   Skills:
 - Level 2.0 Fighting
 + Level 4.6 Ranged Weapons
 - Level 1.5 Dodging
 - Level 1.5 Stealth


You had 2 spell levels left.
You didn't know any spells.
Your spell library was empty.

Inventory:

Hand Weapons
 Y - a +1 shortbow (weapon)
Armour
 b - a scarf of invisibility
 i - a +2 leather armour of poison resistance (worn)
Jewellery
 h - a ring of resist corrosion (left hand)
Scrolls
 a - a scroll of identify {unknown}
 c - a scroll of silence {unknown}
Potions
 d - a potion of attraction {unknown}
 k - a potion of berserk rage {unknown}

Dungeon Overview and Level Annotations

Branches:
Dungeon (2/15)

Altars:

Annotations:
D:2 Robin


Message History

The goblin hits you with a +0 dagger. The hobgoblin closely misses you.
603 ||| INVOKING Spit Poison.
Aiming: Spit Poison (2% risk of failure)
Press: ? - help, Shift-Dir - straight line, f - goblin The splash of poison misses the goblin.
The splash of poison misses the hobgoblin.
The goblin hits you but does no damage. The hobgoblin hits you.
The goblin closely misses you.
You shoot an arrow.
The arrow hits the hobgoblin but does no damage.
The goblin hits you but does no damage. The hobgoblin barely misses you.
The goblin hits you with a +2 dagger of electrocution.
The hobgoblin hits you but does no damage.
The hobgoblin barely misses you. The goblin barely misses you.
The goblin hits you with a +0 dagger. The hobgoblin closely misses you. x2
You shoot an arrow. The arrow hits the hobgoblin.
The hobgoblin is heavily wounded.
The hobgoblin hits you but does no damage.
The goblin barely misses you.
The hobgoblin hits you but does no damage.
The goblin hits you with a +0 dagger. The hobgoblin hits you.
You shoot an arrow. The arrow hits the hobgoblin.
The hobgoblin is almost dead.
The hobgoblin misses you. The hobgoblin hits you. The goblin barely misses you.
The hobgoblin misses you. The goblin closely misses you.
Robin throws the goblin at you!
You shoot an arrow.
The arrow hits the hobgoblin but does no damage.
The hobgoblin is severely wounded.
The hobgoblin hits you. The hobgoblin barely misses you.
The goblin hits you but does no damage. The hobgoblin hits you.
The goblin hits you with a +2 dagger of electrocution.
The goblin closely misses you.
You shoot an arrow. The arrow hits the hobgoblin!
You kill the hobgoblin!
You have got your breath back.
The goblin barely misses you. The hobgoblin barely misses you.
The goblin closely misses you. Robin throws the goblin at you!
The goblin hits you with a +0 dagger.
You die...

...............###
...................###
........[............##
..............###.....##
..............# ###....#
).............# ###...
).............# ##..
...%..ggg.....# ##.
...).g)@g.....# ##
####.[g#..(...# #
##!........# #.##......#
.. .......##########
###..................
..................
#.#...............
............


You could see Robin (invisible), 2 hobgoblins and 3 goblins.

Vanquished Creatures
  A worm (D:2)
  A ball python (D:1)
  2 endoplasms
  8 goblins
  3 hobgoblins
  2 quokkas (D:1)
  A bat (D:1)
  2 frilled lizards (D:1)
  4 kobolds (D:1)
  4 rats
28 creatures vanquished.

Notes
Turn   | Place    | Note
-------+----------+-------------------------------------------
     0 | D:1      | qw the Naga Hunter began the quest for the Orb.
     0 | D:1      | Reached XP level 1. HP: 19/19 MP: 1/1
     0 | D:1      | 0 ||| qw: Version: 0.2-a-29-g511e9b1
     0 | D:1      | 0 ||| qw: Game counter: 5666
     0 | D:1      | 0 ||| qw: Always use a shield: true
     0 | D:1      | 0 ||| qw: God list: Okawaru
     0 | D:1      | 0 ||| qw: Allow faded altars: false
     0 | D:1      | 0 ||| qw: Do Orc after D:15 true
     0 | D:1      | 0 ||| qw: Do second Lair branch before Depths: true
     0 | D:1      | 0 ||| qw: Lair rune preference: random
     0 | D:1      | 0 ||| qw: Plans: Normal
     0 | D:1      | 0 ||| PLANNING D:1-11
     8 | D:1      | 8 ||| INVOKING Spit Poison.
    75 | D:1      | 75 ||| INVOKING Spit Poison.
    95 | D:1      | 95 ||| INVOKING Spit Poison.
   105 | D:1      | 105 ||| INVOKING Spit Poison.
   108 | D:1      | 108 ||| Stepping ~*~*~tactically~*~*~ (outnumbered).
   109 | D:1      | 109 ||| INVOKING Spit Poison.
   113 | D:1      | Reached skill level 4 in Ranged Weapons
   113 | D:1      | Reached XP level 2. HP: 14/26 MP: 2/2
   114 | D:1      | 114 ||| INVOKING Spit Poison.
   175 | D:1      | 175 ||| INVOKING Spit Poison.
   181 | D:1      | 181 ||| INVOKING Spit Poison.
   184 | D:1      | 184 ||| INVOKING Spit Poison.
   263 | D:1      | 263 ||| INVOKING Spit Poison.
   270 | D:1      | 270 ||| INVOKING Spit Poison.
   274 | D:1      | 274 ||| INVOKING Spit Poison.
   278 | D:1      | 278 ||| INVOKING Spit Poison.
   322 | D:1      | 322 ||| INVOKING Spit Poison.
   468 | D:1      | 468 ||| UPGRADING to +2 leather armour of poison
                  | resistance.
   478 | D:1      | 478 ||| DROPPING +0 leather armour.
   479 | D:1      | 479 ||| UPGRADING to ring of resist corrosion.
   480 | D:1      | 480 ||| READING scroll labelled EZULU ISUKH.
   484 | D:1      | 484 ||| READING scroll labelled OSERCH PERAECK.
   485 | D:1      | 485 ||| READING scroll labelled FUH NIW LOKU.
   486 | D:1      | 486 ||| READING scroll labelled ELUJURPH BIENAMP.
   487 | D:1      | 487 ||| DROPPING scroll of butterflies.
   518 | D:2      | 518 ||| INVOKING Spit Poison.
   575 | D:2      | 575 ||| INVOKING Spit Poison.
   576 | D:2      | Reached XP level 3. HP: 32/32 MP: 3/3
   592 | D:2      | 592 ||| INVOKING Spit Poison.
   597 | D:2      | 597 ||| INVOKING Spit Poison.
   598 | D:2      | Noticed Robin
   603 | D:2      | 603 ||| INVOKING Spit Poison.
   607 | D:2      | HP: 8/32 [hobgoblin[Robin] (2)]
   607 | D:2      | HP: 3/32 [goblin/+2 dagger of electrocution[Robin] (5)]
   608 | D:2      | Slain by a goblin

Levels and vault maps discovered:
D:1:      erik_arrival_blinker_ship, layout_rooms
D:2:      layout_rooms, serial_shops, nicolae_shop_waterfront, basic_altar,
          hex_tiny, eino_curves_01, corexii_leaking_fountain, uniq_robin

Skill      XL: |  1 |
---------------+----+-----
Ranged Weapons | 4 |  4.6
Fighting       | |  2.0
Dodging        | |  1.5
Stealth        | |  1.5

Action                     || total
---------------------------++-------
   Fire: Shortbow          ||    61
Ability: Spit Poison       ||    19
    Use: Scroll            ||     4
 Armour: Leather armour    ||    12
  Dodge: Dodged            ||    24

Table legend:
 A = Non-vault XP
 B = Vault XP
 C = Vault XP percentage of total XP
 D = Non-vault monster count
 E = Vault monster count
 F = Vault count percentage of total count
                 A         B        C        D         E       F
            +---------+---------+-------+---------+---------+-------
      Total |      37 |      12 |  24.5 |      22 |       6 |  21.4
            +---------+---------+-------+---------+---------+-------
        D:1 |      29 |       0 |   0.0 |      18 |       0 |   0.0
        D:2 |       8 |      12 |  60.0 |       4 |       6 |  60.0
            +---------+---------+-------+---------+---------+-------
